 Dungeon Crawl Stone Soup version 0.24-a0-250-g6074511 (webtiles) character file.

Game seed: 8561924713987627256

110 Borgoz the Cutter (level 5, -1/33 HPs)
             Began as a Kobold Monk on Apr 15, 2019.
             Slain by a white imp (3 damage)
             ... summoned by Natasha
             ... on level 2 of the Dungeon.
             The game lasted 00:03:00 (1598 turns).

Borgoz the Cutter (Kobold Monk)                     Turns: 1598, Time: 00:03:01

Health: -1/33      AC:  3    Str: 10    XL:     5   Next: 14%
Magic:  5/5        EV: 17    Int: 11    God:
Gold:   78         SH:  0    Dex: 17    Spells: 4/4 levels left

rFire    . . .     SeeInvis .   a - +0 short sword
rCold    . . .     Gourm    .   (shield restricted)
rNeg     . . .     Faith    .   b - +0 robe
rPois    .         Spirit   .   (no helmet)
rElec    .         Reflect  .   (no cloak)
rCorr    .         Harm     .   h - +0 pair of gloves (curse)
MR       .....                  (no boots)
Stlth    +++.......             (no amulet)
HPRegen  0.11/turn              (no ring)
MPRegen  0.09/turn              (no ring)

@: no status effects
A: small, carnivore
a: no special abilities


You were on level 2 of the Dungeon.
You were very full.

You visited 1 branch of the dungeon, and saw 2 of its levels.

You collected 78 gold pieces.

Inventory:

Hand Weapons
 a - a +0 short sword (weapon)
Armour
 b - a +0 robe (worn)
 h - a cursed +0 pair of gloves (worn)
Scrolls
 d - a scroll of random uselessness {unknown}
 e - a scroll of magic mapping
 f - 2 scrolls of remove curse
Potions
 g - 4 potions of curing
Comestibles
 c - 2 rations


   Skills:
 + Level 4.0 Fighting
 + Level 5.3 Short Blades
 + Level 4.6 Dodging
 + Level 3.7 Stealth


You had 4 spell levels left.
You didn't know any spells.
Your spell library was empty.

Dungeon Overview and Level Annotations

Branches:
Dungeon (2/15)

Altars:
Hepliaklqana
Okawaru

Annotations:
D:2 Natasha


Innate Abilities, Weirdness & Mutations

You are small and have problems with some larger weapons.
You are carnivorous and can eat meat at any time.


Message History

Natasha extends her claws.
Natasha misses you.
You feel much better. The white imp gestures at you.
The puff of frost hits you! Natasha closely misses you. The iron imp hits you!
* * * LOW HITPOINT WARNING * * *
Natasha mumbles some strange words.
You see here a stone.
You hit Natasha but do no damage.
Natasha is severely wounded.
You hit Natasha but do no damage.
Natasha is severely wounded.
Natasha barely misses you. The iron imp completely misses you.
The white imp barely misses you.
You barely miss Natasha.
Natasha is severely wounded.
Natasha claws you.
* * * LOW HITPOINT WARNING * * *
The white imp hits you.
You die...

#.....######.#...............####
#............#.#####.............
####...............#.#.##########
............................>..#
..##.########..###.#.####....#.#
.,*#.# ######'###.#.#......^#.##
..##.####........#.#.#.###......#
.................#.#............#
..#####.#.....5h@#.###.###......#
.,* #.#....).55#...............
,,* #.#..................#.#...
,,* #.#..................#.#...
,,* #.#.#######.#........#.#...
,,* #.......#............#.#...
,,* ###.###.#.##...........#...
,,* #.#...#..#...........#... ***
#.#.#.#..#..##.#.#.#.#...


You could see 2 iron imps, Natasha and a white imp.

Vanquished Creatures
  Jessica (D:2)
  Natasha (D:2)
  3 adders (D:2)
  A worm (D:2)
  A dart slug (D:2)
  A leopard gecko (D:1)
  5 bats
  2 giant cockroaches
  2 hobgoblins
  2 jackals (D:2)
  A frilled lizard (D:1)
  4 goblins
  3 kobolds
  4 rats
31 creatures vanquished.

Notes
Turn   | Place    | Note
-------+----------+-------------------------------------------
     0 | D:1      | Borgoz the Kobold Monk began the quest for the Orb.
     0 | D:1      | Reached XP level 1. HP: 14/14 MP: 1/1
   358 | D:1      | Reached XP level 2. HP: 15/19 MP: 2/2
   855 | D:2      | Reached XP level 3. HP: 14/24 MP: 3/3
   954 | D:2      | Noticed Natasha
   961 | D:2      | Killed Natasha
   961 | D:2      | Reached XP level 4. HP: 22/29 MP: 4/4
  1233 | D:2      | Noticed Jessica
  1246 | D:2      | Killed Jessica
  1246 | D:2      | Reached skill level 5 in Short Blades
  1352 | D:2      | Reached XP level 5. HP: 33/33 MP: 5/5
  1410 | D:2      | Found a hazy altar of Hepliaklqana.
  1410 | D:2      | Found an iron altar of Okawaru.
  1578 | D:2      | Noticed Natasha
  1593 | D:2      | HP: 1/33 [iron imp[Natasha] (9)]
  1598 | D:2      | Slain by a white imp

Levels and vault maps discovered:
D:1:      ebering_trefoil_3fold, layout_loops_ring, serial_bayou_lagoon_b
D:2:      layout_basic, gammafunk_temple_overflow_statue,
          grunt_decor_one_mirror, uniq_jessica, uniq_natasha

Skill      XL: |  1  2  3  4 |
---------------+-------------+-----
Dodging        | 4 |  4.6
Stealth        | 3 |  3.7
Fighting       | 4 |  4.0
Short Blades   | 5 |  5.3

Action                   |  1- 3 |  4- 6 || total
-------------------------+-------+-------++-------
Melee: Short sword       |    81 |    68 ||   149
  Use: Scroll            |       |     5 ||     5
       Potion            |       |     1 ||     1
 Stab: Sleeping          |     5 |     2 ||     7
  Eat: Chunk             |     9 |     1 ||    10
Armor: Robe              |    11 |     1 ||    12
Dodge: Dodged            |    58 |    39 ||    97

Table legend:
 A = Non-vault XP
 B = Vault XP
 C = Vault XP percentage of total XP
 D = Non-vault monster count
 E = Vault monster count
 F = Vault count percentage of total count
                 A         B        C        D         E       F
            +---------+---------+-------+---------+---------+-------
      Total |      86 |      72 |  45.6 |      29 |       2 |   6.5
            +---------+---------+-------+---------+---------+-------
        D:1 |      18 |       0 |   0.0 |      12 |       0 |   0.0
        D:2 |      68 |      72 |  51.4 |      17 |       2 |  10.5
            +---------+---------+-------+---------+---------+-------
